 Dungeon Crawl Stone Soup version 0.19.5 (webtiles) character file.

140 Rrauwl the Chopper (level 5, -4/45 HPs)
             Began as a Hill Orc Warper on Mar 13, 2017.
             Slain by Sigmund
             ... wielding a +0 scythe
              (12 damage)
             ... on level 4 of the Dungeon.
             The game lasted 00:12:45 (2940 turns).

Rrauwl the Chopper (Hill Orc Warper)                Turns: 2940, Time: 00:12:46

Health: -4/45      AC:  7    Str: 12 (15) XL:     5   Next: 23%
Magic:  17/17      EV: 11    Int: 11 (13) God:
Gold:   172        SH:  0    Dex:  8 (10) Spells: 1 memorised, 6 levels left

rFire  . . .     SeeInvis .     a - +0 hand axe
rCold  . . .     Gourm    .     b - +0 leather armour
rNeg   . . .     Faith    .     (no shield)
rPois  .         Spirit   .     u - +2 hat
rElec  .         Reflect  .     (no cloak)
rCorr  .         Harm     .     (no gloves)
MR     .....                    t - +1 pair of boots
Stlth  +.........               (no amulet)
                                (no ring)
                                q - ring of magical power

@: very slightly contaminated, hasted, very quick
A: no striking features
a: no special abilities


You were on level 4 of the Dungeon.
You were not hungry.

You visited 1 branch of the dungeon, and saw 4 of its levels.

You collected 172 gold pieces.

Inventory:

Hand Weapons
 a - a +0 hand axe (weapon)
Missiles
 e - 5 tomahawks of dispersal (quivered)
Armour
 b - a +0 leather armour (worn)
 t - a +1 pair of boots (worn)
 u - a +2 hat (worn)
Jewellery
 q - a ring of magical power (left hand)
Scrolls
 d - a scroll of blinking
 h - a scroll of enchant armour
 m - a scroll of amnesia
 o - a scroll of immolation
 s - 3 scrolls of identify
 v - 2 scrolls of fear
 y - a scroll of remove curse {unknown}
Potions
 k - a potion of flight
 n - a potion of brilliance
 p - a potion of cancellation
 w - 2 potions of heal wounds
Books
 c - a book of Spatial Translocations

   Spells                             Type                      Level
   a - Blink                          Translocation                2
   b - Shroud of Golubria             Charms/Translocation         2
   c - Lesser Beckoning               Translocation                3
   d - Portal Projectile              Translocation                3
   e - Teleport Other                 Translocation                3
   f - Passage of Golubria            Translocation                4
Comestibles
 f - 3 bread rations
 g - 6 chunks of flesh
 i - 2 beef jerkies
 j - a meat ration
 A - 4 fruits


   Skills:
 - Level 3.0 Fighting
 + Level 5.3 Axes
 - Level 1.1 Throwing
 - Level 2.0 Armour
 - Level 2.0 Dodging
 - Level 2.0 Spellcasting
 - Level 2.4 Translocations


You had 6 spell levels left.
You knew the following spells:

 Your Spells              Type           Power        Failure   Level  Hunger
a - Blink                 Tloc           N/A          24%         2    ###....


Dungeon Overview and Level Annotations

Branches:
Dungeon (4/15)
 Temple: D:4-7

Altars:

Annotations:
D:4 Sigmund


Message History

Sigmund gestures wildly while chanting.
Sigmund flickers and vanishes!
Deactivating autopickup; reactivate with Ctrl-A.
You barely miss something. Something hits you but does no damage.
You miss something. You barely miss something. Something hits you!
You slash something! You completely miss something.
Something barely misses you.
You barely miss something. You hit something. Something hits you.
You hit something. You closely miss something. You closely miss something.
Something hits you!
* * * LOW HITPOINT WARNING * * *
You closely miss something. You miss something. Something hits you.
* * * LOW HITPOINT WARNING * * *
You hit something but do no damage. You hit something but do no damage.
Something hits you!
You die...

#####..#####..#
..............#
######........#
########.####
#.......#
#.##.##.# ##
##.#.#.#.###....
...###{........
#.#.#.#@#
#.##..#.#
#######.......#
#...........###
#.####.###.##
####......# #.#
..........###.#
...#..........#
.(.#......#####


There were no monsters in sight!

Vanquished Creatures
  3 gnolls (D:4)
  2 adders (D:2)
  2 worms (D:3)
  3 dart slugs (D:1)
  5 leopard geckos
  An orc (D:3)
  A ball python (D:1)
  6 giant cockroaches
  10 goblins
  9 hobgoblins
  6 jackals
  6 kobolds
  A quokka (D:3)
  5 bats
  A frilled lizard (D:1)
  2 quokka skeletons (D:4)
  8 rats
71 creatures vanquished.

Notes
Turn   | Place    | Note
-------+----------+-------------------------------------------
     0 | D:1      | Rrauwl the Hill Orc Warper began the quest for the Orb.
     0 | D:1      | Reached XP level 1. HP: 18/18 MP: 3/3
   175 | D:1      | Reached skill level 1 in Throwing
   394 | D:1      | Reached XP level 2. HP: 25/25 MP: 4/4
   779 | D:1      | Reached XP level 3. HP: 30/30 MP: 5/5
   841 | D:1      | Reached skill level 3 in Axes
  1732 | D:2      | Reached XP level 4. HP: 38/38 MP: 7/7
  1736 | D:2      | Learned a level 2 spell: Blink
  1795 | D:2      | Reached skill level 4 in Axes
  2795 | D:4      | Reached skill level 5 in Axes
  2795 | D:4      | Reached XP level 5. HP: 38/45 MP: 8/8
  2920 | D:4      | Noticed Sigmund
  2940 | D:4      | Slain by Sigmund

Skill      XL: |  1  2  3  4 |
---------------+-------------+-----
Throwing       | 1 |  1.1
Axes           | 3 5 |  5.3
Fighting       | 3 |  3.0
Armour         | 2 |  2.0
Dodging        | 2 |  2.0
Spellcasting   | 2 |  2.0
Translocations | |  2.4

Action                   |  1- 3 |  4- 6 || total
-------------------------+-------+-------++-------
Melee: Hand axe          |   117 |   171 ||   288
  Use: Scroll            |     1 |     6 ||     7
       Potion            |     1 |     7 ||     8
 Stab: Distracted        |     1 |       ||     1
  Eat: Chunk             |     3 |     4 ||     7
Armor: Leather armour    |    27 |    40 ||    67
Dodge: Dodged            |    69 |    96 ||   165
